 Dungeon Crawl Stone Soup version 0.31-a0-237-g2d982f9f85 (webtiles) character file.

Game seed: 15501511827541580084

597 rabbitsville the Trooper (level 7, 0/64 HPs)
             Began as a Hill Orc Berserker on July 10, 2023.
             Was a Priest of Trog.
             Slain by an orc priest
             ... wielding a +0 dagger
              (5 damage)
             ... on level 4 of the Dungeon on July 12, 2023.
             The game lasted 00:08:50 (3188 turns).

rabbitsville the Trooper (Hill Orc Berserker)       Turns: 3188, Time: 00:08:50

Health: 0/64       AC:  7    Str: 22    XL:     7   Next: 40%
Magic:  7/7        EV: 10    Int:  7    God:    Trog [***...]
Gold:   148        SH:  4    Dex: 10    Spells: 6/6 levels left

rFire   . . .        x - +2 flail (holy)
rCold   . . .        l - +0 buckler
rNeg    . . .        m - +0 ring mail
rPois   .            (no helmet)
rElec   .            n - +0 cloak
rCorr   .            i - +0 pair of gloves
SInv    .            (no boots)
Will    .....        (no amulet) Stlth
                     (no ring)
HPRegen 0.30/turn    (no ring)
MPRegen 0.10/turn

%: no passive effects
@: no status effects
A: no striking features
a: Renounce Religion, Convert to Beogh, Berserk, Trog's Hand


You were on level 4 of the Dungeon.
You worshipped Trog.
Trog was most pleased with you.
You visited 1 branch of the dungeon, and saw 4 of its levels.

You collected 148 gold pieces.

Inventory:

Hand Weapons
 a - a +0 mace
 t - a +0 heavy mace
 x - a +2 flail of holy wrath (weapon)
Armour
 b - a +0 animal skin
 i - a +0 pair of gloves (worn)
 l - a +0 buckler (worn)
 m - a +0 ring mail (worn)
 n - a +0 cloak (worn)
Jewellery
 g - a ring of fire
Wands
 w - a wand of polymorph (6) (quivered)
 A - a wand of charming (9)
Scrolls
 d - a scroll of revelation {unknown}
 p - 3 scrolls of teleportation {unknown}
 r - 3 scrolls of blinking {unknown}
 s - a scroll of identify {unknown}
 u - a scroll of summoning {unknown}
 v - a scroll of amnesia {unknown}
 y - a scroll of fog {unknown}
 z - a scroll of immolation {unknown}
Potions
 c - 2 potions of attraction {unknown}
 e - a potion of brilliance {unknown}
 f - 3 potions of might {unknown}
 h - 2 potions of heal wounds {unknown}
 j - a potion of mutation {unknown}
 k - a potion of enlightenment {unknown}
 o - 2 potions of haste
 q - 3 potions of resistance {unknown}
 B - a potion of lignification {unknown}


   Skills:
 * Level 6.9 Fighting
 * Level 6.3 Maces & Flails
 - Level 2.5 Armour
 - Level 1.5 Dodging
 + Level 3.1 Shields


You had 6 spell levels left.
You didn't know any spells.
Your spell library was empty.

Dungeon Overview and Level Annotations

Branches:
Dungeon (4/15)
 Temple: D:4-7

Altars:

Annotations:
D:3 1 runed translucent door, Crazy Yiuf


Message History

The orc hits you with a +0 trident.
You hit the orc but do no damage. The orc barely misses you.
You hit the orc.
The orc is severely wounded.
You block the orc's attack.
You closely miss the orc.
The orc is severely wounded.
The orc priest shouts, "Join the one true god or die!"
The orc hits you but does no damage.
The orc priest calls upon Beogh to heal the orc.
The orc's wounds heal themselves!
You sock the orc!
You kill the orc!
Trog accepts your kill.
The orc priest threatens, "By the altar or by the axe, you will meet Beogh!"
The orc priest looks encouraged for a moment.
The orc priest mumbles some strange prayers to Beogh against you.
Beogh smites you! The orc priest hits you with a +0 whip.
Things that are here:
a +0 trident; a +0 leather armour; 8 gold pieces You hit the orc priest.
The orc priest is lightly wounded.
You block the orc priest's attack.
The orc priest calls down the wrath of Beogh upon you.
Pain shoots through your body!
The orc priest shouts, "Beogh is our master!
Accept the truth or die!"
You sock the orc priest!
The orc priest is heavily wounded.
The orc priest mumbles some strange prayers to Beogh against you.
Beogh smites you!
* * * LOW HITPOINT WARNING * * *
The orc priest shouts, "Join the one true god or die!"
You block the orc priest's attack.
The orc priest threatens, "By the altar or by the axe, you will meet Beogh!"
You sock the orc priest!
You kill the orc priest!
Trog accepts your kill.
The orc priest hits you with a +0 dagger.
You die...

#.....'.......?.
#...###[........
.....o..........
########)#######
##########.#
...........###
.............#
......o)####.#
<######@####.#
#...##.#
###.##.# #####
#######....###
#....
.........#...#
#....
########.#.#.##
#....
#.#.#..####....
#.#.##...##....
#.#.####..#....


You could see an orc priest.

Vanquished Creatures
  Edmund (D:4)
  A black bear (D:4)
  An ogre (D:4)
  2 jellies
  An orc priest (D:4)
  A sleepcap (D:4)
  Jessica (D:2)
  Terence (D:3)
  3 gnolls (D:3)
  6 adders
  A worm (D:2)
  3 dart slugs
  9 orcs
  3 endoplasms
  5 giant cockroaches
  4 goblins
  10 hobgoblins
  6 kobolds
  2 quokkas
  6 ball pythons
  4 bats
  3 frilled lizards (D:1)
  6 rats
80 creatures vanquished.

Notes
Turn   | Place    | Note
-------+----------+-------------------------------------------
     0 | D:1      | rabbitsville the Hill Orc Berserker began the quest for the
                  | Orb.
     0 | D:1      | Reached XP level 1. HP: 19/19 MP: 1/1
   199 | D:1      | Reached XP level 2. HP: 21/27 MP: 2/2
   742 | D:1      | Reached XP level 3. HP: 33/33 MP: 3/3
   783 | D:2      | Reached ** piety under Trog
  1141 | D:2      | Reached XP level 4. HP: 35/41 MP: 4/4
  1242 | D:2      | Noticed Jessica
  1257 | D:2      | Killed Jessica
  1258 | D:2      | Reached skill level 1 in Shields
  1420 | D:2      | Reached skill level 5 in Fighting
  1604 | D:3      | Reached XP level 5. HP: 46/48 MP: 5/5
  1758 | D:3      | Noticed Terence
  1845 | D:3      | Killed Terence
  1877 | D:3      | Reached skill level 5 in Maces & Flails
  2083 | D:3      | Reached *** piety under Trog
  2200 | D:3      | Reached XP level 6. HP: 39/57 MP: 6/6
  2560 | D:3      | Noticed an eye of devastation
  2562 | D:3      | Found a faded altar of an unknown god.
  2563 | D:3      | Noticed a great orb of eyes
  2563 | D:3      | Noticed a great orb of eyes
  2563 | D:3      | Noticed an eye of devastation
  2629 | D:3      | Found a runed translucent door.
  2630 | D:3      | Noticed Crazy Yiuf
  2789 | D:4      | Noticed a black bear
  2799 | D:4      | Killed a black bear
  2808 | D:4      | Reached XP level 7. HP: 64/64 MP: 7/7
  2828 | D:4      | Noticed Edmund
  2850 | D:4      | Killed Edmund
  3168 | D:4      | Upgraded the game from 0.31-a0-236-g9a0961fb85 to
                  | 0.31-a0-237-g2d982f9f85
  3188 | D:4      | Slain by an orc priest

Illustrated notes

Levels and vault maps discovered:
D:1:      sevenhm_arrival_forest_fort_small_3, layout_loops_cross
D:2:      layout_rooms, uniq_jessica
D:3:      layout_loops_ring, hellmonk_ecumenical_altar_watching_god,
          minivault_19, uniq_crazy_yiuf_cottage, uniq_terence
D:4:      layout_basic, uniq_edmund

Skill      XL: |  1  2  3  4  5  6  7 |
---------------+----------------------+-----
Fighting       | 4 5 6 |  6.9
Maces & Flails | 4 5 6 |  6.3
Shields        | 1 2 3 |  3.1
Armour         | |  2.5
Dodging        | |  1.5

Action                     |  1- 3 |  4- 6 |  7- 9 || total
---------------------------+-------+-------+-------++-------
  Melee: Mace              |   136 |    56 |       ||   192
         Punch             |     1 |       |       ||     1
         Flail             |       |    59 |    33 ||    92
         Unarmed           |       |     2 |       ||     2
 Invoke: Berserk           |       |     1 |       ||     1
         Trog's Hand       |       |       |     1 ||     1
   Stab: Sleeping          |     1 |       |       ||     1
 Armour: Animal skin       |    29 |       |       ||    29
         Ring mail         |    18 |    38 |     9 ||    65
  Dodge: Dodged            |    81 |    66 |    19 ||   166
  Block: Buckler           |     5 |    19 |     7 ||    31

Table legend: (Time is in decaauts)
 A = Elapsed time spent in this place.
 B = Non-inter-level travel time spent in this place.
 C = Inter-level travel time spent in this place.
 D = Time resting spent in this place.
 E = Time spent auto-exploring this place.
 F = Levels seen in this place.
 G = Mean time per level.
                   A        B        C        D        E       F      G
               +--------+--------+--------+--------+--------+-----+--------+
         Total |   3243 |   3218 |     25 |      0 |   2100 |   4 |  810.8 |
       Dungeon |   3243 |   3218 |     25 |      0 |   2100 |   4 |  810.8 |
               +--------+--------+--------+--------+--------+-----+--------+

Top non-repeatable levels by time:
     D:3: 1191 daAuts
     D:2: 861 daAuts
     D:1: 761 daAuts
     D:4: 429 daAuts
